 Dungeon Crawl Stone Soup version 0.28-a0-779-g3d1f99b579 (webtiles) character file.

Game seed: 8713370116003880098

417 kae the Chopper (level 6, -2/56 HPs)
             Began as a Hill Orc Cinder Acolyte on Nov 2, 2021.
             Was a High Priest of Ignis.
             Succumbed to a scorpion's poison
             ... on level 4 of the Dungeon.
             The game lasted 00:03:20 (6018 turns).

kae the Chopper (Hill Orc Cinder Acolyte)           Turns: 6018, Time: 00:03:21

Health: -2/56      AC:  5    Str: 19    XL:     6   Next: 93%
Magic:  7/9        EV: 11    Int: 14    God:    Ignis [*****.]
Gold:   78         SH:  0    Dex:  6    Spells: 7/9 levels left

rFire   + + .      SeeInvis .   a - -1 hand axe (flame)
rCold   . . .      Faith    .   (no shield)
rNeg    . . .      Spirit   .   b - +0 robe
rPois   .          Reflect  .   n - +2 helmet
rElec   .          Harm     .   (no cloak)
rCorr   .          Rampage  .   (no gloves)
Will    .....                   (no boots)
Stlth   +.........              (no amulet)
HPRegen 0.18/turn               g - ring of wizardry
MPRegen 0.11/turn               h - ring of protection from fire

@: lethally poisoned (-2 -> -18)
A: no striking features
a: Renounce Religion, Sea of Fire, Foxfire Swarm, Rising Flame


You were on level 4 of the Dungeon.
You worshipped Ignis.
Ignis was extremely pleased with you.
You visited 1 branch of the dungeon, and saw 5 of its levels.

You collected 129 gold pieces.
You spent 51 gold pieces at shops.

Inventory:

Hand Weapons
 a - a -1 hand axe of flaming (weapon)
Armour
 b - a +0 robe (worn)
 n - a +2 helmet (worn)
Jewellery
 g - a ring of wizardry (left hand)
 h - a ring of protection from fire (right hand)
Wands
 c - a wand of mindburst (12)
Scrolls
 l - a scroll of fog
 m - a scroll of noise {unknown}
Potions
 d - 2 potions of lignification
 e - 3 potions of curing
 f - 3 potions of might {unknown}
 i - 2 potions of resistance {unknown}
 j - a potion of ambrosia {unknown}
 k - 2 potions of attraction {unknown}
 o - 2 potions of mutation {unknown}


   Skills:
 + Level 5.1 Fighting
 * Level 7.0 Axes
 + Level 2.3 Spellcasting
 + Level 4.6 Fire Magic


You had 7 spell levels left.
You knew the following spells:

 Your Spells              Type           Power      Damage    Failure   Level
a - Scorch                Fire           28%        2d6       1%          2

Your spell library contained the following spells:

 Spells                   Type           Power      Damage    Failure   Level


Dungeon Overview and Level Annotations

Branches:
Dungeon (5/15)
 Temple: D:4-7

Altars:
Kikubaaqudgha
Okawaru
Ru

Shops:
D:2 *


Message History

There is a stone staircase leading down here.
You climb downwards.
The jackal bites you but does no damage.
The bullfrog zombie barely misses you. The phantom misses you.
The scorpion barely misses you. The jackal closely misses you.
The bullfrog zombie misses you. The phantom closely misses you.
The scorpion stings you but does no damage.
There is a stone staircase leading up, spattered with blood here.
The jackal closely misses you. The bullfrog zombie hits you.
The scorpion stings you. The phantom hits you.
The phantom blinks!
You blink.
You stop ascending the stairs.
Found a ring of wizardry, a scroll labelled WENISCH PATA and 16 gold pieces.
Found a stone staircase leading up.
The phantom barely misses you.
The jackal barks!
The phantom hits you.
The phantom blinks!
You blink.
The scorpion closely misses you. The scorpion barely misses you.
The phantom hits you.
There is a stone staircase leading up here.
The scorpion stings you.
You are poisoned.
The scorpion poisons you!
You climb upwards.
The ogre shouts!
You feel very sick. The ogre closely misses you.
There is a stone staircase leading down here.
Casting: Scorch (safe; 1% risk of failure)
Confirm with . or Enter, or press ? or * to list all spells.
Flames lash the scorpion.
The scorpion is moderately wounded.
The scorpion's fire resistance burns away.
You feel sick. The scorpion stings you.
You are more poisoned.
The scorpion poisons you!
The ogre hits you with a +0 giant club!!
* * * LOW HITPOINT WARNING * * *
The scorpion stings you.
* * * LOW HITPOINT WARNING * * *
You die...

#. #. ## # # ###### ####.....
#############..#.####
#...@s..##....##.#...
#....O..#..#####รท#...
####.........##.....#...
#.........<####.#####...
#....................#.. #####
#.....................#.
#...###.............#####.....
#...##.#######...............#
#.......## #....#########..#


You could see an ogre and a scorpion (combustible).

Vanquished Creatures
  2 phantoms (D:4)
  A hound (D:4)
  An iguana (D:4)
  An orc wizard (D:4)
  A hound skeleton (D:4)
  5 adders
  A white imp (D:4)
  An ufetubus (D:3)
  An adder skeleton (D:4)
  5 worms
  2 dart slugs (D:1)
  13 orcs
  6 endoplasms
  2 giant cockroaches
  14 goblins
  7 hobgoblins
  3 quokkas
  9 ball pythons
  5 bats
  7 frilled lizards
  5 kobolds
  9 rats
101 creatures vanquished.

Vanquished Creatures (others)
  A withered plant (D:4)
1 creature vanquished.

Grand Total: 102 creatures vanquished

Notes
Turn   | Place    | Note
-------+----------+-------------------------------------------
     0 | D:1      | kae the Hill Orc Cinder Acolyte began the quest for the
                  | Orb.
     0 | D:1      | Reached XP level 1. HP: 19/19 MP: 2/2
   175 | D:1      | Found a faded altar of an unknown god.
   204 | D:1      | Reached XP level 2. HP: 23/27 MP: 3/3
   213 | D:1      | Learned a level 2 spell: Scorch
   652 | D:1      | Reached XP level 3. HP: 24/33 MP: 4/4
  1452 | D:2      | Found Waistrim's Assorted Antiques.
  1466 | D:2      | Bought a green potion for 17 gold pieces
  1466 | D:2      | Bought a pink potion for 17 gold pieces
  1466 | D:2      | Bought a white potion for 17 gold pieces
  1501 | D:2      | Reached skill level 5 in Axes
  1675 | D:2      | Reached XP level 4. HP: 30/40 MP: 6/6
  3104 | D:3      | Found a sacrificial altar of Ru.
  3112 | D:3      | Reached XP level 5. HP: 47/47 MP: 4/7
  3504 | D:3      | Found an iron altar of Okawaru.
  4467 | D:4      | Reached skill level 6 in Axes
  4524 | D:4      | Noticed an ogre
  5151 | D:4      | Noticed a phantom
  5166 | D:4      | Found an ancient bone altar of Kikubaaqudgha.
  5175 | D:4      | Killed a phantom
  5176 | D:4      | Reached XP level 6. HP: 43/55 MP: 1/9
  5667 | D:4      | Reached skill level 5 in Fighting
  5817 | D:5      | Entered Level 5 of the Dungeon
  5843 | D:4      | Reached skill level 7 in Axes
  6017 | D:4      | HP: 2/56 [scorpion (5)]
  6018 | D:4      | Succumbed to a scorpion's poison

Illustrated notes

Levels and vault maps discovered:
D:1:      noname_arrival_rooms_in_the_neighbourhood, layout_rooms,
          ebering_ecumenical_altar_ruins, minmay_quantized
D:2:      layout_loops_corners, serial_shops, nicolae_shop_statue_plus,
          kennysheep_path_1
D:3:      layout_loops_ring, kennysheep_okawaru_gauntlet,
          mainiacjoe_overflow_paths
D:4:      layout_rooms, kiku_gazebo_garden_becter, serial_co_window_serial,
          co_window_of_opportunity_a, co_window_corner_a, co_window_cross_1,
          co_window_corner_a, co_window_paths_a, co_window_corner_a,
          co_window_of_opportunity_a, co_window_corner_a, co_window_paths_a,
          co_window_2corner, co_window_paths_c, co_window_paths_c,
          eino_small_chamber_without_monster
D:5:      layout_basic, uniq_blork_the_orc

Skill      XL: |  1  2  3  4  5  6 |
---------------+-------------------+-----
Fighting       | 4 5 |  5.1
Axes           | 5 6 7 |  7.0
Fire Magic     | 4 |  4.6
Spellcasting   | 2 |  2.3

Action                   |  1- 3 |  4- 6 || total
-------------------------+-------+-------++-------
Melee: Hand axe          |   101 |    81 ||   182
 Cast: Scorch            |       |    77 ||    77
  Use: Scroll            |     1 |     7 ||     8
Armor: Robe              |    19 |    35 ||    54
Dodge: Dodged            |    64 |   111 ||   175

Table legend: (Time is in decaauts)
 A = Elapsed time spent in this place.
 B = Non-inter-level travel time spent in this place.
 C = Inter-level travel time spent in this place.
 D = Time resting spent in this place.
 E = Time spent auto-exploring this place.
 F = Levels seen in this place.
 G = Mean time per level.
                   A        B        C        D        E       F      G
               +--------+--------+--------+--------+--------+-----+--------+
         Total |   6032 |   5852 |    180 |    374 |   4560 |   5 | 1206.4 |
       Dungeon |   6032 |   5852 |    180 |    374 |   4560 |   5 | 1206.4 |
               +--------+--------+--------+--------+--------+-----+--------+

Top non-repeatable levels by time:
     D:3: 1756 daAuts
     D:4: 1591 daAuts
     D:2: 1549 daAuts
     D:1: 1112 daAuts
     D:5: 23 daAuts
